Cogmind - Beta 15 @@@ ROGUE MODE // 2025.07.29 @ 13:14:36 Player: shapeshifter Result: Destroyed by 65-KCU(R) with Subdweller Machine Gun Performance ------------- Evolutions (0) 0 Regions Visited (3) 600 Robots Destroyed (12) 60 Value Destroyed (318) 318 Prototype IDs (0) 0 Alien Tech Used (0) 0 Bonus (0) 0 TOTAL SCORE: 978 Bonus ------- None Cogmind --------- Core Integrity 0/250 Matter 290/300 Energy 250/250 System Corruption 0% Temperature Cool (0) Movement Rolling (95) Ox1 Location -10/Subcaves Parts ------- > --- POWER (1) -------- Ion Engine > --- PROPULSION (2) --- Light Treads Wheel > --- UTILITY (2) ------ Small Storage Unit > --- WEAPON (2) ------- Riot Gun Subdweller Machine Gun > --- INVENTORY (8) ---- Subdweller Power Source Wheel Subdweller Monowheel Improved Heat Sink Scrap Shield Subdweller Laser Subdweller Beam Cannon Peak State ------------ > --- POWER ------------ Ion Engine > --- PROPULSION ------- Light Treads Light Treads > --- UTILITY ---------- Small Storage Unit > --- WEAPON ----------- Riot Gun Subdweller Machine Gun > --- INVENTORY -------- Subdweller Power Source Wheel Wheel Subdweller Monowheel Improved Heat Sink Scrap Shield Subdweller Laser [Rating: 10] Favorites ----------- Power Ion Engine Engine Ion Engine Propulsion Light Treads Treads Light Treads Wheel Wheel Utility Small Storage Unit Device Seismic Detector Storage Small Storage Unit Weapon Light Assault Rifle Energy Gun Riot Gun Ballistic Gun Light Assault Rifle Build | -11 -10 -10 -10 ------- Run | Yrd Mat Min Sub Slots Evolved . | . . . . Power . | . . . . Propulsion . | . . . . Utility . | . . . . Weapon . | . . . . Parts Attached 11 | 7 . . 4 Power 2 | 1 . . 1 Engine 2 | 1 . . 1 Core . | . . . . Reactor . | . . . . Propulsion 3 | 2 . . 1 Treads 2 | 2 . . . Leg . | . . . . Wheel 1 | . . . 1 Hover . | . . . . Flight . | . . . . Utility 2 | 2 . . . Device 1 | 1 . . . Storage 1 | 1 . . . Processor . | . . . . Hackware . | . . . . Protection . | . . . . Artifact . | . . . . Weapon 4 | 2 . . 2 Energy Gun 1 | . . . 1 Energy Cannon . | . . . . Ballistic Gun 3 | 2 . . 1 Ballistic Cannon . | . . . . Launcher . | . . . . Special Weapon . | . . . . Impact Weapon . | . . . . Slashing Weapon . | . . . . Piercing Weapon . | . . . . Special Melee Weapon . | . . . . Unidentified Prototypes . | . . . . Parts Lost 5 | . . . 5 Power 1 | . . . 1 Propulsion 1 | . . . 1 Utility 1 | . . . 1 Weapon 2 | . . . 2 Highest Loss Streak 4 | . . . 4 To Critical Strikes . | . . . . Average Backups 6 | 4 7 7 7 Power 1 | . 1 1 1 Propulsion 2 | 2 4 4 2 Utility 1 | . 1 1 2 Weapon . | . 1 1 . Tool/Special . | . . . . Unused Backups 12 | . . . 12 Power 1 | . . . 1 Propulsion 5 | . . . 5 Utility 4 | . . . 4 Weapon 2 | . . . 2 Tool/Special . | . . . . Average Slot Usage (%) 93 | . 100 100 90 Engine 14 | . 14 14 14 Treads 26 | . 28 28 25 Device 11 | . 14 14 9 Storage 14 | . 14 14 14 Energy Gun 1 | . . . 2 Ballistic Gun 25 | . 28 28 23 Peak Build Rating 10 | 7 7 8 10 Average Rating 7 | 5 7 7 8 On Entrance 5 | . 7 7 8 Naked Turns . | . . . . Heaviest Build 17 | 14 14 14 17 Greatest Support 40 | 40 40 40 40 Greatest Overweight (x) 1 | . . . 1 Average Overweight (x) . | . . . . Largest Inventory Capacity 8 | 8 8 8 8 Average Capacity 7 | 7 8 8 8 Most Carried 8 | 7 7 8 8 Average Carried 6 | 4 7 7 7 Final Capacity 8 | 8 8 8 8 Final Carried 8 | 7 7 8 8 Class Distribution -------------------- 100% | Mutant Dominant Class ---------------- Mutant | -10/Materials Mutant | -10/Mines Mutant | -10/Subcaves Resources | -11 -10 -10 -10 ----------- Run | Yrd Mat Min Sub Matter Collected 409 | 306 . 32 71 Remotely . | . . . . Salvage Created 468 | 140 . 99 229 Parts 25 | 9 . 5 11 Haulers Intercepted . | . . . . Recyclers Shooed . | . . . . Parts Field Recycled . | . . . . Retrieved Matter . | . . . . Parts Self-Destructed 10 | . . . 10 Prevented . | . . . . Kills | -11 -10 -10 -10 ------- Run | Yrd Mat Min Sub Combat Hostiles Destroyed 8 | . . 2 6 Guns 7 | . . 2 5 Classes Destroyed 5 | 2 . 1 2 Tunneler 3 | 3 . . . Recycler 1 | 1 . . . Swarmer 1 | . . . 1 Grunt 2 | . . 2 . Subdweller 5 | . . . 5 Best Kill Streak 3 | 2 . 2 3 Combat Bots Only 3 | . . 2 3 Max Kills in Single Turn 1 | 1 . 1 1 Gunslinging . | . . . . Exploded . | . . . . Melee . | . . . . Uniques/NPCs Destroyed . | . . . . Combat | -11 -10 -10 -10 -------- Run | Yrd Mat Min Sub Hostile Shots Fired 70 | . . 14 56 Missed 21 | . . 5 16 Hits 49 | . . 9 40 Projectile 49 | . . 9 40 Critical Strikes 1 | . . . 1 Damage Taken 866 | . . 103 763 Core 253 | . . 28 225 Absorbed by Shields . | . . . . Core Remaining (%) 100 | 100 . . . Volleys Fired 40 | 9 . 8 23 Largest 2 | 2 . 2 2 Hottest 80 | 40 . 40 80 Shots Fired 75 | 18 . 16 41 Gun 75 | 18 . 16 41 Cannon . | . . . . Launcher . | . . . . Special . | . . . . Kinetic 69 | 18 . 16 35 Thermal . | . . . . Explosive . | . . . . Electromagnetic 6 | . . . 6 Robot Hit Streak 31 | 3 . 5 31 Robot Miss Streak 3 | 3 . 1 2 Penetration Max . | . . . . Secondary Targets 1 | . . . 1 Max Gunslinging Chain 1 | . . . 1 Shots Hit Robots 57 | 9 . 12 36 Core Hits 21 | 6 . 6 9 Critical Kills 1 | 1 . . . Critical Parts Destroyed . | . . . . Critical Strikes 3 | 1 . . 2 Destroy 3 | 1 . . 2 Melee Attacks . | . . . . Impact . | . . . . Slashing . | . . . . Piercing . | . . . . Sneak Attacks . | . . . . Combat Hostiles . | . . . . Follow-up Attacks . | . . . . Damage Inflicted 742 | 88 . 125 529 Guns 742 | 88 . 125 529 Cannons . | . . . . Explosions . | . . . . Melee . | . . . . Ramming . | . . . . Kinetic 629 | 88 . 125 416 Thermal . | . . . . Explosive . | . . . . Electromagnetic 113 | . . . 113 Impact . | . . . . Slashing . | . . . . Piercing . | . . . . Highest Corruption . | . . . . Average Corruption . | . . . . Corruption Purged . | . . . . Corruption Blocked . | . . . . Overload Shots . | . . . . Overflow Damage . | . . . . Projectiles . | . . . . Explosions . | . . . . Melee . | . . . . Knockbacks . | . . . . Impact . | . . . . Kinetic . | . . . . Secondary . | . . . . Self-Inflicted Damage . | . . . . Shots . | . . . . Rammed . | . . . . Targets Rammed . | . . . . Kicked . | . . . . Crushed . | . . . . Highest Temperature 15 | . . 15 . Average Temperature 9 | . . 9 . Received Heat Transfer 255 | . . 57 198 Siege Activations . | . . . . Martial Activations . | . . . . Shielding Activations . | . . . . Robots Disrupted . | . . . . Combat Hostiles . | . . . . Robots Corrupted 1 | . . . 1 Combat Hostiles 1 | . . . 1 Parts Fried 1 | . . . 1 Impact Corruptions . | . . . . Robots Melted . | . . . . Combat Hostiles . | . . . . Parts Melted 1 | . . . 1 Heat Transferred . | . . . . Parts Sabotaged . | . . . . Parts Stolen . | . . . . Parts Stripped . | . . . . Power Chain Reactions . | . . . . Alert | -11 -10 -10 -10 ------- Run | Yrd Mat Min Sub Maximum Alert Level . | . . . . Low Security (%) 100 | 100 100 100 . Level 1 . | . . . . Level 2 . | . . . . Level 3 . | . . . . Level 4 . | . . . . Level 5 . | . . . . High Security . | . . . . Max Security . | . . . . Peak Influence 40 | 10 . 40 . Initial . | . . . . Average 6 | 1 . 27 . Influence Increases 90 | 20 . 50 20 Destroy 0b10 Robot/C 60 | . . 40 20 Destroy 0b10 Robot/NC 20 | 20 . . . Destroy Leader 10 | . . 10 . Influence Decreases 90 | 20 . 20 50 Entered New Map 16 | . . . 16 Time Decay 74 | 20 . 20 34 Squads Dispatched 1 | . 1 . . Investigation 1 | . 1 . . Extermination . | . . . . Reinforcement . | . . . . Assault . | . . . . Garrison . | . . . . Intercept . | . . . . Searches Triggered . | . . . . Construction Impeded . | . . . . Haulers Reinforced . | . . . . Active Scanning Responses . | . . . . Cargo Convoy Interrupts . | . . . . Stealth | -11 -10 -10 -10 --------- Run | Yrd Mat Min Sub Distress Signals . | . . . . Communications Jammed . | . . . . Distress Signals . | . . . . Times Spotted 13 | . 1 2 10 Peak Tracking Total 4 | . 2 2 4 Tactical Retreats . | . . . . Traps | -11 -10 -10 -10 ------- Run | Yrd Mat Min Sub Traps Triggered . | . . . . Indirectly . | . . . . Trap Hack Attempts . | . . . . Triggered . | . . . . Disarmed . | . . . . Reprogrammed . | . . . . Reused . | . . . . Traps Extracted . | . . . . Installed . | . . . . Triggered . | . . . . Machines | -11 -10 -10 -10 ---------- Run | Yrd Mat Min Sub Machines Disabled . | . . . . Max in Single Turn . | . . . . Machines Repaired . | . . . . Machines Dismantled . | . . . . Machines Sabotaged . | . . . . Overloaded Fab Kills . | . . . . Hacking | -11 -10 -10 -10 --------- Run | Yrd Mat Min Sub Machines Accessed 1 | . 1 . . Terminals 1 | . 1 . . Fabricators . | . . . . Repair Stations . | . . . . Recycling Units . | . . . . Scanalyzers . | . . . . Garrison Access . | . . . . Total Hacks 4 | . 4 . . Successful 1 | . 1 . . Failed 3 | . 3 . . Catastrophic . | . . . . Database Lockouts . | . . . . Manual 4 | . 4 . . Terminals 4 | . 4 . . Fabricators . | . . . . Repair Stations . | . . . . Recycling Units . | . . . . Scanalyzers . | . . . . Garrison Access . | . . . . Terminal Hacks . | . . . . Fabricator Hacks . | . . . . Repair Station Hacks . | . . . . Recycling Unit Hacks . | . . . . Scanalyzer . | . . . . Garrison Access Hacks . | . . . . Unauthorized Hacks 1 | . 1 . . Terminals 1 | . 1 . . Botnet 1 | . 1 . . Fabricators . | . . . . Repair Stations . | . . . . Recycling Units . | . . . . Scanalyzers . | . . . . Garrison Access . | . . . . Data Cores Recovered . | . . . . Used . | . . . . Hacking Detections 1 | . 1 . . Full Trace Events 1 | . 1 . . Feedback Events . | . . . . Feedback Blocked . | . . . . Robot Schematics Acquired . | . . . . Robots Built . | . . . . Authchips . | . . . . Time . | . . . . Total Robot Build Rating . | . . . . Part Schematics Acquired . | . . . . Parts Built . | . . . . Authchips . | . . . . Time . | . . . . Total Part Build Rating . | . . . . Parts Repaired . | . . . . Time . | . . . . Parts Recycled . | . . . . Recycled Matter . | . . . . Retrieved Matter . | . . . . Retrieved Components . | . . . . Parts Scanalyzed . | . . . . Part Schematics Acquired . | . . . . Parts Damaged . | . . . . Bothacking | -11 -10 -10 -10 ------------ Run | Yrd Mat Min Sub Used RIF Installer . | . . . . Robots Hacked . | . . . . Non-combat . | . . . . Combat . | . . . . Robot Hacks Applied . | . . . . Relay Couplers Released . | . . . . Fabnet Peak Effective % . | . . . . Robots Rewired . | . . . . Allies Hacked . | . . . . Hacks Repelled . | . . . . Allies | -11 -10 -10 -10 -------- Run | Yrd Mat Min Sub Total Allies . | . . . . Largest Group . | . . . . Highest-Rated Group . | . . . . Highest-Rated Ally . | . . . . Total Orders . | . . . . Ally Attacks . | . . . . Total Damage . | . . . . Kills . | . . . . Allies Corrupted . | . . . . Allies Melted . | . . . . Intel | -11 -10 -10 -10 ------- Run | Yrd Mat Min Sub Active Infowar (turns) 322 | 26 60 51 185 Seismic 322 | 26 60 51 185 Robot Analysis Total . | . . . . Derelict Logs Recovered 1 | . . . 1 Drone Launches . | . . . . Drone Recoveries . | . . . . Exploration | -11 -10 -10 -10 ------------- Run | Yrd Mat Min Sub Turns Passed 546 | 153 60 51 282 Spaces Moved 256 | 73 38 18 127 Core 8 | 8 . . . Treads 245 | 65 38 18 124 Legs . | . . . . Wheels 3 | . . . 3 Hover . | . . . . Flight . | . . . . Fastest Speed 50 | 50 160 160 95 Average Speed 155 | 147 160 160 158 Slowest Speed 160 | 160 160 160 160 Overloaded Moves . | . . . . Propulsion Burnouts . | . . . . Robots Hopped . | . . . . Potential Cave-ins . | . . . . Cave-ins Triggered . | . . . . Exploration Rate (%) 9 | 6 16 6 10 Regions Visited 3 Branch Regions 2 Pre-discovered Areas . | . . . . Known Exits Taken . | . . . . Unknown Exits Taken 3 | 1 1 1 . Scrap Searched . | . . . . Spaces Dug . | . . . . Terrain Destroyed . | . . . . Melee . | . . . . Projectile . | . . . . AOE . | . . . . Terrain Rammed . | . . . . Walls Destroyed . | . . . . Machines Disabled . | . . . . Actions | -11 -10 -10 -10 --------- Run | Yrd Mat Min Sub Total 336 | 102 37 26 171 Wait 4 | . . . 4 Move 253 | 72 37 17 127 Hop . | . . . . Pick Up 22 | 14 . 1 7 Fast Attach 2 | . . . 2 Attach 9 | 7 . . 2 Detach . | . . . . Swap . | . . . . Drop 6 | . . . 6 Fire 40 | 9 . 8 23 Melee . | . . . . Ram . | . . . . Kick . | . . . . Crush . | . . . . Escape Stasis . | . . . . Rewire . | . . . . Trap . | . . . . Miscellaneous . | . . . . Route ------- -11/Scrapyard -10/Materials -10/Mines -10/Subcaves (discovered 1 exit: Rec) History --------- Turn | Location | Event 59 | -11/Scrapyard | Discovered new exit (range 15) 154 | -11/Scrapyard | Entered Materials 185 | -10/Materials | Discovered new exit (range 15) 214 | -10/Materials | Entered Mines 241 | -10/Mines | Assembled infested the area 256 | -10/Mines | Discovered new exit (range 8) 265 | -10/Mines | Entered Subcaves 266 | -10/Subcaves | Approached by a straggling Scientist 285 | -10/Subcaves | Identified exit to Recycling 307 | -10/Subcaves | Build established: Mutant 441 | -10/Subcaves | Core integrity fell below 50% 491 | -10/Subcaves | Lost 4 parts (1p1u2w) 543 | -10/Subcaves | Core integrity fell below 20% 547 | -10/Subcaves | Destroyed by 65-KCU(R) with Subdweller Machine Gun Last Messages --------------- 00462_ 9B-GZ5(R) suffers critical hit (Destroy). 00466_ 9B-GZ5(R) destroyed. 00471_ Acquired Scrap Shield. 00472_ Acquired 34 matter. 00476_ Dropped Disposable Heat Sink. 00478_ Acquired Sub. Laser. 00480_ Dropped Imp. Terrain Scanner. 00481_ Acquired Sub. Monowheel. 00490_ Subatomizers dissect the Mining Laser. 00496_ Acquired Riot Gun. 00498_ Lgt. Treads destroyed. 00504_ Subatomizers dissect the Mining Laser. 00512_ CD-ZOL(R) misfires. 00514_ CD-ZOL(R) system terminally corrupted. 00514_ Disposable Heat Sink melted. 00514_ Sub. Optics fried. 00516_ Acquired 17 matter. 00535_ Dropped Wheel. 00535_ Acquired Sub. Beam Cannon. 00543_ Acquired Wheel. Map ----- +----------------------------------------------------+ | ?????????????????????????????????????????????????? | | ?????????????????????????????????????????????????? | | ?????????????????????????????????????????????????? | | ?????????????????????????????????????????????????? | | ?????????????????????????????????????????????????? | | ?????????????????????????????????????????????????? | | ?????????????????????????????????????????????????? | | ?????????????????????????????????????????????????? | | ?????????????????????????????????????????????????? | | ?????????????????????????????????????????????????? | | ?????????????????????????????????????????????????? | | ?????????????????????????????????????????????????? | | ?????????????????????????????????????????????????? | | ????????????????????????????? ???????????????????? | | ????????????????????????????? ??????????????????? | | ????????????????????????????# ??????????????????? | | ???????????????????????????? #??????????????????? | | #?????????####????????????## ##?????????????????? | | ##???????## #???????????? # s ##????????????????? | | #??????## #???????????? #????????????????? | | #??????# #???????????? s ?????????????????? | | #???????# #???????????? # ??????????????????? | | #??###### #???????????? ###?????????????????? | | ?### [#?# ####????###??s #?????????????????? | | ## ### #????#""## ##????????????????? | | # | ## #?????#""@ " #????????????????? | | #! = "& ##?????## """ ""#???????????????? | | = """"#####?????# """" "?????????????? | | ####% "### #######!%& "" % %"?????????????? | | #??#* " ## "" # # # """" "# ?????????????? | | ???# " %! "" "" "##???????????????? | | ???# """"""" = R"" """ #????????????????? | | # #" ""#""# ###""""" ???????????????? | | ### #### ""##" ##??" " "??????????????? | | ??##### #??## ""##"##????## ?###?????????????? | | ??????## #???# ""#"" ????????##????????????????? | | ???????## ##???" """"" #?????????????????????????? | | ????????###???### ??##?????????????????????????? | | ????????????????? ???????????????????????????????? | | ????????????????? ???????????????????????????????? | | ?????????????????"???????????????????????????????? | | ?????????????????"???????????????????????????????? | | ?????????????????????????????????????????????????? | | ?????????????????????????????????????????????????? | | ?????????????????????????????????????????????????? | | ?????????????????????????????????????????????????? | | ?????????????????????????????????????????????????? | | ?????????????????????????????????????????????????? | | ?????????????????????????????????????????????????? | | ?????????????????????????????????????????????????? | +----------------------------------------------------+ Best States ------------- Heat Dissipation 25 Energy Generation 10 Energy Capacity 250 Matter Stores 300 Matter Capacity 300 Sight Range 16 Terrain Scan Density 10 Evasion (%) 40 Recoil Reduction 2 Item Schematics ----------------- None Robot Schematics ------------------ None Fabricated ------------ Nothing Repaired ---------- Nothing Alien Tech Used ----------------- None Achievements -------------- None Challenges ------------ None Game ------ Seed WeaponsPiercingThrower Manual? 0 Play Time 00:07:58 Cumulative 71.8 hours Start 2025.07.29 @ 13:08:44 End 2025.07.29 @ 13:14:36 Sessions 1 Manual Loads 0 Difficulty Rogue Special Mode None Game No. 150 Rogue 150 Adventurer 0 Explorer 0 Win Type - Total 1 Types 1/0/0/0/0/0/0/0/0/0 Lore% 52 Gallery% 51 Achievement% 38 Wizard Run 0 Options --------- Layout 1 ASCII 0 Keyboard 0 Movement Mouse Keybinds 0 Fullscreen 1 Font 24/Smallcaps Map View 50x40 Zoom Use 0% Tactical HUD 1 Map Filters NONE Filters NONE Steam 1 RUN: 86e4f1ca-facb-4955-b515-6509da89b936